 Dungeon Crawl Stone Soup version 0.31.0-11-ge490571c62 (webtiles) character file.

Game seed: 15727485707050580439

160 Arctor the Magician (level 5, -1/27 (28) HPs)
             Began as a Deep Elf Fire Elementalist on Feb 2, 2024.
             Slain by a fire bat (2 damage)
             ... on level 3 of the Dungeon.
             The game lasted 00:03:00 (3042 turns).

Arctor the Magician (Deep Elf Fire Elementalist)    Turns: 3042, Time: 00:03:00

HP:   -1/27 (28)    AC:  2    Str:  5    XL:     5   Next: 17%
MP:   2/13          EV: 13    Int: 22    God:
Gold: 154           SH:  0    Dex: 15    Spells: 9/12 levels left

rFire   . . .        (no weapon)
rCold   . . .        (no shield)
rNeg    . . .        a - +0 robe
rPois   .            (no helmet)
rElec   .            (no cloak)
rCorr   .            (no gloves)
SInv    .            (no boots)
Will    .....        (no amulet)
Stlth   +++          (no ring)
HPRegen 0.24/turn    (no ring)
MPRegen 0.13/turn

%: no passive effects
@: mighty, hasted, lightly drained, very quick
A: no striking features
a: no special abilities


You were on level 3 of the Dungeon.
You visited 1 branch of the dungeon, and saw 3 of its levels.

You collected 154 gold pieces.

Inventory:

Armour
 a - a +0 robe (worn)
Scrolls
 g - 3 scrolls of identify
 i - 3 scrolls of blinking
 j - a scroll of vulnerability
Potions
 b - a potion of magic
 f - 2 potions of might


   Skills:
 + Level 3.5 Dodging
 + Level 3.7 Stealth
 + Level 4.1 Spellcasting
 + Level 2.5 Conjurations
 + Level 4.1 Fire Magic


You had 9 spell levels left.
You knew the following spells:

 Your Spells              Type           Power      Damage    Failure   Level
a - Foxfire               Conj/Fire      76%        2x1d7     2%          1
b - Scorch                Fire           46%        2d6       3%          2

Your spell library contained the following spells:

 Spells                   Type           Power      Damage    Failure   Level
 Inner Flame              Hex/Fire       13%        N/A       14%         3
 Volatile Blastmotes      Fire/Tloc      26%        2d12      14%         3
 Hailstorm                Conj/Ice       10%        3d6       19%         3
 Flame Wave               Conj/Fire      19%        2d7       26%         4
 Summon Ice Beast         Ice/Summ       4%         N/A       32%         3
 Sculpt Simulacrum        Ice/Alch       2%         N/A       100%        6


Dungeon Overview and Level Annotations

Branches:
Dungeon (3/15)

Altars:

Shops:
D:1 *   D:2 [


Message History

Flames lash the fire bat.
The fire bat completely resists.
The fire bat misses you.
Casting: Scorch (safe; 3% risk of failure)
Confirm with . or Enter, or press ? or * to list all spells.
Flames lash the fire bat.
The fire bat completely resists.
The fire bat misses you.
Casting: Scorch (safe; 3% risk of failure)
Confirm with . or Enter, or press ? or * to list all spells.
Flames lash the phase bat.
You kill the phase bat!
You feel your willpower return.
The fire bat bites you but does no damage.
Casting: Scorch (safe; 3% risk of failure)
Confirm with . or Enter, or press ? or * to list all spells.
Flames lash the fire bat.
The fire bat completely resists.
The fire bat barely misses you.
Casting: Scorch (safe; 3% risk of failure)
Confirm with . or Enter, or press ? or * to list all spells.
Flames lash the fire bat.
The fire bat completely resists.
The fire bat misses you. The fire bat bites you.
* * * LOW HITPOINT WARNING * * *
You are engulfed in flames.
* * * LOW HITPOINT WARNING * * *
You hit the fire bat.
The fire bat is almost dead.
The fire bat bites you.
* * * LOW HITPOINT WARNING * * *
You are engulfed in flames.
* * * LOW HITPOINT WARNING * * *
Casting: Scorch (safe; 3% risk of failure)
Confirm with . or Enter, or press ? or * to list all spells.
Flames lash the fire bat.
The fire bat completely resists.
The fire bat bites you.
* * * LOW HITPOINT WARNING * * *
You are engulfed in flames.
* * * LOW HITPOINT WARNING * * *
You closely miss the fire bat.
The fire bat is almost dead.
The fire bat bites you.
You die...

####### ##..#b@# ####
#.$.Z### ...# ##....##
###### #### #...###
...... # ##†## ......
##...## #######......
#§##..###...#........
#.#####....##.........
#


Zb. ###.†###......## You could see a fire bat and an ice bat.

Vanquished Creatures
  A vampire bat (D:3)
  A gnoll (D:1)
  An adder (D:3)
  A fire bat (D:3)
  An orc (D:3)
  2 spectral bats (D:3)
  3 bat skeletons (D:3)
  A bat zombie (D:3)
  6 endoplasms
  A giant cockroach (D:2)
  4 goblins
  2 hobgoblins (D:1)
  A jackal (D:2)
  2 quokkas (D:1)
  4 ball pythons
  9 bats
  5 frilled lizards
  4 kobolds
  4 rats
53 creatures vanquished.

Vanquished Creatures (others)
  213 foxfires
213 creatures vanquished.

Grand Total: 266 creatures vanquished

Notes
Turn   | Place    | Note
-------+----------+-------------------------------------------
     0 | D:1      | Arctor the Deep Elf Fire Elementalist began the quest for
                  | the Orb.
     0 | D:1      | Reached XP level 1. HP: 10/10 MP: 6/6
   400 | D:1      | Reached XP level 2. HP: 12/15 MP: 2/8
   547 | D:1      | You fall into a shaft and drop 1 floor!
   722 | D:2      | Noticed an animated plate armour
   726 | D:2      | Found Kuari's Armour Shop.
   777 | D:2      | Noticed an animated storm dragon scales
  1262 | D:2      | Reached XP level 3. HP: 19/19 MP: 6/9
  1862 | D:1      | Found Oschots's General Store.
  1893 | D:1      | Learned a level 2 spell: Scorch
  2259 | D:2      | Found a faded altar of an unknown god.
  2811 | D:3      | Reached XP level 4. HP: 21/24 MP: 5/11
  3003 | D:3      | Reached XP level 5. HP: 27/28 MP: 1/13
  3041 | D:3      | HP: 1/27 [fire bat (1)]
  3042 | D:3      | Slain by a fire bat

Illustrated notes

Levels and vault maps discovered:
D:1:      dpeg_arrival_oval, layout_basic, serial_shops,
          nicolae_shop_just_a_little_nook
D:2:      layout_loops_ring, serial_shops, nicolae_shop_mannequins,
          ebering_ecumenical_altar_mist, minmay_tetromino_i2
D:3:      layout_rooms, goddamned_bats

Skill      XL: |  1  2  3  4 |
---------------+-------------+-----
Stealth        | 3 |  3.7
Dodging        | 3 |  3.5
Conjurations   | 2 |  2.5
Fire Magic     | 4 |  4.1
Spellcasting   | 4 |  4.1

Action                     |  1- 3 |  4- 6 || total
---------------------------+-------+-------++-------
  Melee: Unarmed           |    34 |    52 ||    86
         Punch             |       |     1 ||     1
   Cast: Foxfire           |   138 |    17 ||   155
         Scorch            |     2 |    13 ||    15
    Use: Scroll            |     1 |     3 ||     4
         Potion            |       |     6 ||     6
   Stab: Sleeping          |     1 |       ||     1
 Armour: Robe              |    28 |    78 ||   106
  Dodge: Dodged            |    37 |   115 ||   152
